 Dungeon Crawl Stone Soup version bcrawl-1.12.2 (webtiles) character file.

Game seed: 12935966283440063011

298 Ebbett the Shield-Bearer (level 6, 0/53 HPs)
             Began as a Gnoll Fighter on July 22, 2019.
             Succumbed to a worker ant's poison
             ... on level 4 of the Dungeon.
             The game lasted 00:08:39 (2326 turns).

Ebbett the Shield-Bearer (Gnoll Fighter)            Turns: 2326, Time: 00:08:40

Health: 0/53       AC:  9    Str: 25    XL:     6   Next: 36%
Magic:  8/8        EV:  9    Int: 10    God:
Gold:   182        SH: 11    Dex: 14    Spells: 8/8 levels left

rFire    . . .     SeeInvis +   y - -2 short sword
rCold    . . .     Gourm    .   c - +0 shield
rNeg     . . .     Faith    .   b - +0 scale mail
rPois    .         Spirit   .   (no helmet)
rElec    .         Reflect  .   (no cloak)
rCorr    .         Harm     .   (no gloves)
MR       .....                  t - +0 pair of boots
Stlth    +.........             (no amulet)
HPRegen  0.17/turn              h - +4 ring of strength
MPRegen  0.11/turn              x - ring of see invisible

@: lethally poisoned (0 -> -12)
A: distributed training, fangs 1, strong nose
a: no special abilities


You were on level 4 of the Dungeon.
You were hungry.

You visited 1 branch of the dungeon, and saw 4 of its levels.

You collected 182 gold pieces.

Inventory:

Hand Weapons
 y - a -2 short sword (weapon)
Armour
 b - a +0 scale mail (worn)
 c - a +0 shield (worn)
 l - a +0 ring mail
 t - a +0 pair of boots (worn)
Jewellery
 h - a +4 ring of strength (left hand)
 i - an uncursed ring of stealth
 x - a ring of see invisible (right hand)
Scrolls
 e - a scroll of identify
 k - 2 scrolls of teleportation
 n - a scroll of enchant armour
Potions
 d - a potion of might
 g - a potion of curing {unknown}
 j - 3 potions of mutation {unknown}
 m - a potion of flight {unknown}
 o - 2 potions of agility {unknown}
 A - a potion of haste {unknown}
Comestibles
 f - 7 rations {!d}


   Skills:
 + Level 6.8 Fighting
 + Level 1.9 Short Blades
 + Level 1.9 Long Blades
 + Level 1.9 Axes
 + Level 4.9 Maces & Flails
 + Level 1.9 Polearms
 + Level 1.9 Staves
 + Level 1.9 Slings
 + Level 1.9 Bows
 + Level 1.9 Crossbows
 + Level 1.9 Throwing
 + Level 6.8 Armour
 + Level 1.9 Dodging
 + Level 1.9 Stealth
 + Level 6.8 Shields
 + Level 1.9 Unarmed Combat
 + Level 1.9 Spellcasting
 + Level 1.5 Conjurations
 + Level 1.5 Hexes
 + Level 1.5 Charms
 + Level 1.5 Summonings
 + Level 1.5 Necromancy
 + Level 1.5 Translocations
 + Level 1.5 Transmutations
 + Level 1.5 Fire Magic
 + Level 1.5 Ice Magic
 + Level 1.5 Air Magic
 + Level 1.5 Earth Magic
 + Level 1.5 Poison Magic
 + Level 2.1 Invocations
 + Level 1.9 Evocations


You had 8 spell levels left.
You didn't know any spells.
Your spell library contained the following spells:

 Spells                   Type           Power        Failure   Level  Hunger
 Apportation              Tloc           #.....       73%         1    ##.....
 Infusion                 Chrm           #.......     73%         1    ##.....
 Sandblast                Erth           #.....       73%         1    ##.....
 Slow                     Hex            #.......     73%         1    ##.....
 Summon Butterflies       Summ           #.......     73%         1    ##.....


Dungeon Overview and Level Annotations

Branches:
Dungeon (4/12)
 Temple: D:4-7

Altars:


Innate Abilities, Weirdness & Mutations

Your experience applies equally to all skills.
You have very sharp teeth.
Your uncanny sense of smell can sniff out nearby items.


Message History

You kill the worker ant!
* * * LOW HITPOINT WARNING * * *
You feel sick.
* * * LOW HITPOINT WARNING * * *
You feel sick.
You see here an adder corpse.
You butcher the adder corpse.
* * * LOW HITPOINT WARNING * * *
You feel sick.
Things that are here:
2 chunks of flesh; an adder skeleton
* * * LOW HITPOINT WARNING * * *
You feel sick.
* * * LOW HITPOINT WARNING * * *
You feel sick.
Things that are here:
2 chunks of flesh; an adder skeleton
* * * LOW HITPOINT WARNING * * *
You feel sick.
You die...

*#.##*#..##*......,**,8,,,8,*
*...*#....,#...###*,*,,,,,*,
**#.##.#.#,....#.#,,,8,,,8,,
#..#.#.###.....+,,,,,,,,,,
########...#..#......#,,,8,,,8,,
#...................#**,*,,,,,*,
#.................#.#.##,8,,,8,*
*........####..........#*,,,,,**
*........###...@....##.#**,,,***
*#####....##.....####*,* **+**,,
######........#....#* *,* *,,,,,,
#....S.#####........# *,* *,,,,,,
#.####.# #.....#..#**,* *,,,,,,
#.# #.# #+#........,,* *,,,,,,
#.# ##.# *.##........,***,,,,,,
#.###..#####..##....#..,,,,,,,,,,
#.##...........##.#****,,,,,,,,,,


There were no monsters in sight!

Vanquished Creatures
  A jelly (D:4)
  A hound (D:3)
  An orc priest (D:3)
  A worker ant (D:4)
  4 adders
  3 oozes
  An adder skeleton (D:3)
  4 dart slugs (D:1)
  4 leopard geckos
  16 orcs (D:3)
  4 bats
  2 giant cockroaches
  11 goblins
  13 hobgoblins
  12 jackals
  5 quokkas
  A ball python (D:2)
  2 frilled lizards (D:1)
  12 kobolds
  4 rats
102 creatures vanquished.

Vanquished Creatures (others)
  3 orcs (D:4)
3 creatures vanquished.

Grand Total: 105 creatures vanquished

Notes
Turn   | Place    | Note
-------+----------+-------------------------------------------
     0 | D:1      | Ebbett the Gnoll Fighter began the quest for the Orb.
     0 | D:1      | Reached XP level 1. HP: 23/23 MP: 1/1
    39 | D:1      | Reached XP level 2. HP: 29/29 MP: 2/2
   199 | D:1      | Reached XP level 3. HP: 32/35 MP: 3/3
   530 | D:1      | Reached skill level 1 in Invocations
   732 | D:2      | Reached skill level 1 in Short Blades
   732 | D:2      | Reached skill level 1 in Long Blades
   732 | D:2      | Reached skill level 1 in Axes
   732 | D:2      | Reached skill level 1 in Polearms
   732 | D:2      | Reached skill level 1 in Staves
   732 | D:2      | Reached skill level 1 in Slings
   732 | D:2      | Reached skill level 1 in Bows
   732 | D:2      | Reached skill level 1 in Crossbows
   732 | D:2      | Reached skill level 1 in Throwing
   732 | D:2      | Reached skill level 1 in Dodging
   732 | D:2      | Reached skill level 1 in Stealth
   732 | D:2      | Reached skill level 1 in Unarmed Combat
   732 | D:2      | Reached skill level 1 in Spellcasting
   732 | D:2      | Reached skill level 1 in Evocations
   740 | D:2      | Reached XP level 4. HP: 38/41 MP: 5/5
  1450 | D:3      | Reached skill level 1 in Conjurations
  1450 | D:3      | Reached skill level 1 in Hexes
  1450 | D:3      | Reached skill level 1 in Charms
  1450 | D:3      | Reached skill level 1 in Summonings
  1450 | D:3      | Reached skill level 1 in Necromancy
  1450 | D:3      | Reached skill level 1 in Translocations
  1450 | D:3      | Reached skill level 1 in Transmutations
  1450 | D:3      | Reached skill level 1 in Fire Magic
  1450 | D:3      | Reached skill level 1 in Ice Magic
  1450 | D:3      | Reached skill level 1 in Air Magic
  1450 | D:3      | Reached skill level 1 in Earth Magic
  1450 | D:3      | Reached skill level 1 in Poison Magic
  1459 | D:3      | Reached XP level 5. HP: 28/47 MP: 6/6
  2116 | D:3      | Reached XP level 6. HP: 39/53 MP: 8/8
  2325 | D:4      | HP: 1/53 [poisoned by a worker ant]
  2326 | D:4      | Succumbed to a worker ant's poison

Skill      XL: |  1  2  3  4  5  6 |
---------------+-------------------+-----
Invocations    | 1 2 |  2.1
Short Blades   | 1 |  1.9
Long Blades    | 1 |  1.9
Axes           | 1 |  1.9
Polearms       | 1 |  1.9
Staves         | 1 |  1.9
Slings         | 1 |  1.9
Bows           | 1 |  1.9
Crossbows      | 1 |  1.9
Throwing       | 1 |  1.9
Dodging        | 1 |  1.9
Stealth        | 1 |  1.9
Unarmed Combat | 1 |  1.9
Spellcasting   | 1 |  1.9
Evocations     | 1 |  1.9
Conjurations   | 1 |  1.5
Hexes          | 1 |  1.5
Charms         | 1 |  1.5
Summonings     | 1 |  1.5
Necromancy     | 1 |  1.5
Translocations | 1 |  1.5
Transmutations | 1 |  1.5
Fire Magic     | 1 |  1.5
Ice Magic      | 1 |  1.5
Air Magic      | 1 |  1.5
Earth Magic    | 1 |  1.5
Poison Magic   | 1 |  1.5
Fighting       | |  6.8
Maces & Flails | |  4.9
Armour         | |  6.8
Shields        | |  6.8

Action                   |  1- 3 |  4- 6 || total
-------------------------+-------+-------++-------
Melee: Flail             |    77 |    62 ||   139
       Bite              |    11 |    21 ||    32
       Mace              |       |    77 ||    77
       Short sword       |       |    29 ||    29
  Use: Scroll            |       |     5 ||     5
  Eat: Chunk             |       |     4 ||     4
Armor: Scale mail        |    33 |    62 ||    95
Dodge: Dodged            |    31 |    75 ||   106
Block: Shield            |    40 |   121 ||   161
